 Dungeon Crawl Stone Soup version 0.29-a0-275-g389c0b5 (webtiles) character file.

Game seed: 17814111037097309018

471 Geeful the Firebug (level 7, 0/39 (41) HPs)
             Began as an Octopode Fire Elementalist on Mar 10, 2022.
             Was an Initiate of Vehumet.
             Slain by Crazy Yiuf
             ... wielding a +4 quarterstaff of chaos
              (5 damage)
             ... on level 4 of the Dungeon on Mar 12, 2022.
             The game lasted 00:14:44 (3735 turns).

Geeful the Firebug (Octopode Fire Elementalist)     Turns: 3735, Time: 00:14:44

HP:   0/39 (41)     AC:  1    Str:  8    XL:     7   Next: 9%
MP:   8/12          EV: 14    Int: 25    God:    Vehumet [......]
Gold: 147           SH:  0    Dex: 12    Spells: 10/13 levels left

rFire   . . .      SeeInvis .   e - +0 short sword
rCold   . . .      Faith    .   (no shield)
rNeg    . . .      Spirit   .   (helmet restricted)
rPois   .          Reflect  .   j - amulet of regeneration
rElec   .          Harm     .   g - +6 ring of intelligence
rCorr   .          Rampage  .   (no ring)
Will    .....                   (no ring)
Stlth   +++.......              (no ring)
HPRegen 0.93/turn               (no ring)
MPRegen 0.13/turn               (no ring)
                                (no ring)
                                (no ring)

@: lightly drained
A: almost no armour, amphibious, 8 rings, camouflage 1, gelatinous body 1,
(nimble swimmer 1), tentacles
a: Renounce Religion


You were on level 4 of the Dungeon.
You worshipped Vehumet.
Vehumet was noncommittal.
You visited 2 branches of the dungeon, and saw 5 of its levels.

You collected 147 gold pieces.

Inventory:

Hand Weapons
 e - a +0 short sword (weapon)
Missiles
 b - 2 poisoned darts (quivered)
Jewellery
 g - a +6 ring of intelligence (left tentacle)
 j - an amulet of regeneration (around mantle)
 l - a ring of flight
Wands
 i - a wand of flame (38)
Scrolls
 d - a scroll of teleportation
 k - a scroll of fear {unknown}
 m - a scroll of vulnerability {unknown}
 n - a scroll of identify {unknown}
Potions
 a - a potion of magic
 c - 3 potions of curing
 f - a potion of brilliance {unknown}
 h - 2 potions of heal wounds {unknown}


   Skills:
 + Level 4.0 Dodging
 - Level 2.6 Stealth
 + Level 3.7 Spellcasting
 + Level 3.5 Conjurations
 + Level 4.6 Fire Magic


You had 10 spell levels left.
You knew the following spells:

 Your Spells              Type           Power      Damage    Failure   Level
a - Foxfire               Conj/Fire      100%       2x1d9     1%          1
b - Scorch                Fire           54%        2d8       1%          2

Your spell library contained the following spells:

 Spells                   Type           Power      Damage    Failure   Level
 Conjure Flame            Conj/Fire      25%        6-21      5%          3
 Inner Flame              Hex/Fire       16%        N/A       11%         3
 Flame Wave               Conj/Fire      25%        2d7       17%         4
 Summon Ice Beast         Ice/Summ       4%         N/A       67%         4
 Silence                  Hex/Air        2%         N/A       95%         5
 Haunt                    Necr/Summ      2%         N/A       100%        7
 Animate Armour           Summ/Erth      Unusable   N/A       N/A         4

Dungeon Overview and Level Annotations

Branches:
Dungeon (4/15)             Temple (1/1) D:4

Altars:
Dithmenos
Elyvilon
Fedhas
Gozag
Hepliaklqana
Kikubaaqudgha
Nemelex Xobeh
Okawaru
Qazlal
Ru
Trog
Uskayaw
Vehumet
Yredelemnul
Zin
The Shining One

Annotations:
D:4 Crazy Yiuf


Innate Abilities, Weirdness & Mutations

You cannot wear most types of armour.
You are amphibious.
You can wear up to eight rings at the same time.
Your skin changes colour to match your surroundings (Stealth+).
Your rubbery body absorbs attacks. (AC +1, EV +1)
((You are camouflaged when in or above water. (Stealth+)))
You have tentacles for arms and can constrict up to eight enemies at once.


Message History

There is a staircase back to the Dungeon here.
You open the door.
Found nine altars.
There is an open door here.
Found three altars.
There is an iron altar of Okawaru here.
Found three altars.
There is a radiant altar of Vehumet here.
You curl up in front of the altar of Vehumet.
Vehumet welcomes you!
(D) Dungeon (T) Temple
Where to? (Enter - D:4, ? - help)
There is an iron altar of Okawaru here.
There is an open door here.
There is a staircase back to the Dungeon here.
You climb upwards.
Welcome back to the Dungeon!
There is a staircase to the Ecumenical Temple here.
Things that are here:
a stone; a +0 dagger
Found a mace.
Found a runed translucent door.
You open the door.
There is an open translucent door here.
Crazy Yiuf hits you with a +4 quarterstaff of chaos!
You feel drained.
Casting: Foxfire (safe; 1% risk of failure)
Confirm with . or Enter, or press ? or * to list all spells.
Flames lash Crazy Yiuf.
Crazy Yiuf is heavily wounded.
Crazy Yiuf's fire resistance burns away.
Crazy Yiuf hits you with a +4 quarterstaff of chaos!
Crazy Yiuf freezes you.
Casting: Scorch (safe; 1% risk of failure)
Confirm with . or Enter, or press ? or * to list all spells.
Flames lash Crazy Yiuf.
Crazy Yiuf is burned terribly!
Crazy Yiuf is severely wounded.
Crazy Yiuf says, "Fluff!
Candle sanguine green."
Crazy Yiuf hits you with a +4 quarterstaff of chaos!
* * * LOW HITPOINT WARNING * * *
Crazy Yiuf burns you.
You die...

.##S #..########..
.#.# .............
.#.. #.#..#.###..
##. .# # ##.....
#.. .# #####.
#.##.# #. ...#.#
#### ##### ♣♣####
## .....#####..#
#)..#♣♣ ♣♣....##
...###......#
#g@.'.♣♣♣♣P.....#
#.## #.###.##
#...#♣..♣.......###
#.# #.# #.#
#####♣♣♣.♣.P.......
#.# #.# #.#
♣♣♣♣♣####### #.#
#.# #.# #.# #.#
#.#### ### #.# #.#
#.##.# #.# ..# #.#
#.##.# #.# .#####)#
#.##.#####.#


You could see Crazy Yiuf (combustible).

Vanquished Creatures
  Menkaure (D:4)
  A water moccasin (D:4)
  Blork the orc (D:4)
  A hound (D:3)
  An orc wizard (D:3)
  4 adders
  A worm (D:4)
  3 dart slugs
  12 orcs
  An endoplasm (D:4)
  4 giant cockroaches
  7 goblins
  8 hobgoblins
  4 ball pythons
  5 bats
  2 frilled lizards (D:2)
  3 kobolds
  5 rats
64 creatures vanquished.

Vanquished Creatures (collateral kills)
  A foxfire (D:1)
1 creature vanquished.

Vanquished Creatures (others)
  81 foxfires
81 creatures vanquished.

Grand Total: 146 creatures vanquished

Notes
Turn   | Place    | Note
-------+----------+-------------------------------------------
     0 | D:1      | Geeful the Octopode Fire Elementalist began the quest for
                  | the Orb.
     0 | D:1      | Reached XP level 1. HP: 11/11 MP: 3/3
    95 | D:2      | Found a sacrificial altar of Ru.
   425 | D:1      | Found a faded altar of an unknown god.
   464 | D:1      | Reached XP level 2. HP: 17/17 MP: 5/5
  1184 | D:2      | Learned a level 2 spell: Scorch
  1419 | D:2      | Reached XP level 3. HP: 17/21 MP: 1/6
  2342 | D:3      | Reached XP level 4. HP: 17/27 MP: 0/7
  2702 | D:3      | Reached XP level 5. HP: 26/31 MP: 2/9
  2858 | D:4      | Noticed Menkaure
  3007 | D:4      | Killed Menkaure
  3008 | D:4      | Reached XP level 6. HP: 17/36 MP: 5/11
  3064 | D:4      | Got the Guide on the Entourage and the Birds
  3095 | D:4      | Noticed Blork the orc
  3126 | D:4      | Killed Blork the orc
  3306 | D:4      | Noticed a water moccasin
  3312 | D:4      | Killed a water moccasin
  3313 | D:4      | Reached XP level 7. HP: 22/41 MP: 3/12
  3469 | D:4      | Found a staircase to the Ecumenical Temple.
  3525 | Temple   | Entered the Ecumenical Temple
  3562 | Temple   | Became a worshipper of Vehumet
  3726 | D:4      | Found a runed translucent door.
  3727 | D:4      | Noticed Crazy Yiuf
  3735 | D:4      | Slain by Crazy Yiuf

Illustrated notes

Levels and vault maps discovered:
D:1:      dpeg_arrival_tiny_c, layout_basic, ebering_ecumenical_altar_hall,
          chequers_mini_garden, roderic_lattice_a, chequers_serial_rivers_marsh,
          minmay_strange_pillars, serial_bayou_lagoon_b
D:2:      layout_loops_ring, basic_altar
D:3:      layout_loops_cross
D:4:      layout_loops_ring, temple_statues, minmay_misc_feat_columns,
          uniq_blork_the_orc, uniq_menkaure, uniq_crazy_yiuf_cottage,
          uniq_duvessa
Temple:   kilobyte_greek_temple

Skill      XL: |  1  2  3  4  5  6 |
---------------+-------------------+-----
Conjurations   | 2 3 |  3.5
Dodging        | 3 4 |  4.0
Spellcasting   | 3 |  3.7
Fire Magic     | 4 |  4.6
Stealth        | |  2.6

Action                   |  1- 3 |  4- 6 |  7- 9 || total
-------------------------+-------+-------+-------++-------
Melee: Short sword       |    35 |    26 |     2 ||    63
       Constrict         |     8 |     7 |     1 ||    16
       Tentacles         |     6 |     6 |     1 ||    13
 Cast: Foxfire           |    23 |    23 |     1 ||    47
       Scorch            |     2 |     7 |     2 ||    11
Evoke: Wand              |     4 |     4 |       ||     8
  Use: Scroll            |     3 |       |       ||     3
       Potion            |     1 |       |       ||     1
 Stab: Sleeping          |     7 |     2 |     2 ||    11
       Distracted        |       |     1 |       ||     1
Armor: Skin              |     1 |     4 |       ||     5
Dodge: Dodged            |    15 |    19 |     2 ||    36

Table legend: (Time is in decaauts)
 A = Elapsed time spent in this place.
 B = Non-inter-level travel time spent in this place.
 C = Inter-level travel time spent in this place.
 D = Time resting spent in this place.
 E = Time spent auto-exploring this place.
 F = Levels seen in this place.
 G = Mean time per level.
                   A        B        C        D        E       F      G
               +--------+--------+--------+--------+--------+-----+--------+
         Total |   3743 |   3616 |    127 |    200 |   2571 |   5 |  748.6 |
       Dungeon |   3674 |   3579 |     95 |    200 |   2571 |   4 |  918.5 |
        Temple |     69 |     37 |     32 |      0 |      0 |   1 |   69.0 |
               +--------+--------+--------+--------+--------+-----+--------+

Top non-repeatable levels by time:
     D:1: 967 daAuts
     D:3: 957 daAuts
     D:2: 930 daAuts
     D:4: 819 daAuts
  Temple: 69 daAuts
